 Dungeon Crawl Stone Soup version 0.29.1-13-g9f3cf754e1 (webtiles) character file.

Game seed: 6075139830591017940

148 sanboga the Chopper (level 5, 0/47 HPs)
             Began as a Minotaur Monk on Feb 2, 2023.
             Blown up by Ijyb (17 damage)
             ... with a mindburst bolt
             ... on level 3 of the Dungeon.
             The game lasted 00:06:25 (2802 turns).

sanboga the Chopper (Minotaur Monk)                 Turns: 2802, Time: 00:06:25

Health: 0/47       AC: 12    Str: 18    XL:     5   Next: 8%
Magic:  4/4        EV:  6    Int:  7    God:
Gold:   153        SH:  0    Dex: 12    Spells: 4/4 levels left

rFire   . . .      SeeInvis .   a - +0 hand axe (drain)
rCold   . . .      Faith    .   (no shield)
rNeg    . . .      Spirit   .   e - +0 plate armour
rPois   .          Reflect  .   (helmet restricted)
rElec   .          Harm     .   (no cloak)
rCorr   .          Rampage  .   f - +0 pair of gloves
Will    .....                   (no boots)
Stlth   ..........              (no amulet)
HPRegen 0.15/turn               (no ring)
MPRegen 0.09/turn               (no ring)

@: no status effects
A: horns 2, retaliatory headbutt
a: no special abilities


You were on level 3 of the Dungeon.
You visited 1 branch of the dungeon, and saw 3 of its levels.

You collected 153 gold pieces.

Inventory:

Hand Weapons
 a - a +0 hand axe of draining (weapon)
Armour
 e - a +0 plate armour (worn)
 f - a +0 pair of gloves (worn)
Scrolls
 g - a scroll of enchant armour {unknown}
 h - 3 scrolls of identify {unknown}
 i - a scroll of amnesia {unknown}
 j - a scroll of vulnerability {unknown}
 k - a scroll of teleportation
 o - 2 scrolls of fear {unknown}
 p - a scroll of noise {unknown}
 q - 4 scrolls of magic mapping
 u - a scroll of poison {unknown}
Potions
 b - 2 potions of heal wounds {unknown}
 c - 2 potions of ambrosia
 d - a potion of invisibility {unknown}
 l - a potion of degeneration {unknown}
 m - 2 potions of might {unknown}
 n - a potion of curing
 r - a potion of flight {unknown}
 s - a potion of haste {unknown}
 t - a potion of brilliance {unknown}


   Skills:
 + Level 4.7 Fighting
 * Level 5.6 Axes
 + Level 2.5 Armour
 - Level 3.2 Dodging
 - Level 1.5 Stealth


You had 4 spell levels left.
You didn't know any spells.
Your spell library was empty.

Dungeon Overview and Level Annotations

Branches:
Dungeon (3/15)

Altars:

Annotations:
D:3 Ijyb


Innate Abilities, Weirdness & Mutations

You have a pair of horns on your head.
You reflexively headbutt those who attack you in melee.


Message History

You hit the hound but do no damage.
You headbutt the hound, but do no damage.
The hound is lightly wounded.
The hound bites you but does no damage. x2
You hit the hound. You drain the hound.
You headbutt the hound, but do no damage.
The hound is severely wounded.
The hound closely misses you. You furiously retaliate!
You headbutt the hound!
You kill the hound!
You have reached level 5!
Ijyb the Twisted Goblin comes into view.
She is wielding a +2 spectral club and carrying a wand of mindburst (17).
Ijyb shouts!
Ijyb is nearby!
Ijyb hits you but does no damage.
You closely miss Ijyb. Your headbutt misses Ijyb.
Ijyb hits you but does no damage.
You hit Ijyb.
Ijyb is lightly wounded.
Ijyb zaps a wand.
You barely resist.
Ijyb screams, "Die!"
Ijyb hits you with a +2 spectral club.
You barely miss Ijyb.
Ijyb is lightly wounded.
Ijyb hits you with a +2 spectral club.
You completely miss Ijyb. You headbutt Ijyb.
Ijyb is moderately wounded.
Ijyb zaps a wand.
Your mind is blasted!
You hit Ijyb.
Ijyb is moderately wounded.
Ijyb hits you with a +2 spectral club.
You hit Ijyb. You drain Ijyb.
Ijyb is heavily wounded.
Ijyb zaps a wand.
Your mind is blasted!
You are too injured to fight recklessly!
You are too injured to fight recklessly!
You are too injured to fight recklessly!
You slash Ijyb!
Ijyb is almost dead.
Ijyb zaps a wand.
Your mind is blasted!
You die...

# ##########.###############
.......>.#.....g@........#
########.#.#############.# #
#....#.#.#...........#.# #
#.##.#.#.#.#########.#.# #
#.##.#.#.#.#.†.......#.#### #
#.##.#.#.#...#########.#.. #
#.#..#.#.#<............#.# #
#.#..#.#.......#########.######
# #.#..#.......#.# #.....[...


You could see Ijyb (very drained).

Vanquished Creatures
  A hound (D:3)
  Natasha (D:3)
  2 adders (D:2)
  4 dart slugs
  4 endoplasms
  2 giant cockroaches
  7 goblins
  9 hobgoblins
  2 jackals (D:2)
  8 kobolds
  5 quokkas
  4 ball pythons
  6 bats
  3 frilled lizards
  2 rats (D:2)
60 creatures vanquished.

Vanquished Creatures (others)
  2 demonic plants (D:1)
  2 withered plants (D:1)
4 creatures vanquished.

Grand Total: 64 creatures vanquished

Notes
Turn   | Place    | Note
-------+----------+-------------------------------------------
     0 | D:1      | sanboga the Minotaur Monk began the quest for the Orb.
     0 | D:1      | Reached XP level 1. HP: 19/19 MP: 0/0
   357 | D:1      | Found a faded altar of an unknown god.
   737 | D:1      | Reached skill level 4 in Axes
   740 | D:1      | Reached XP level 2. HP: 27/27 MP: 1/1
   792 | D:1      | Reached skill level 1 in Armour
  1479 | D:2      | Reached XP level 3. HP: 29/33 MP: 2/2
  2015 | D:2      | Reached XP level 4. HP: 41/41 MP: 3/3
  2019 | D:2      | Reached skill level 5 in Axes
  2570 | D:3      | Noticed Natasha
  2576 | D:3      | Killed Natasha
  2763 | D:3      | Reached XP level 5. HP: 43/47 MP: 4/4
  2792 | D:3      | Noticed Ijyb
  2802 | D:3      | Blown up by Ijyb

Illustrated notes

Levels and vault maps discovered:
D:1:      eino_arrival_water_star, layout_loops_corners,
          shapermc_ecumenical_altar_gd
D:2:      layout_basic
D:3:      layout_basic, uniq_ijyb, uniq_natasha

Skill      XL: |  1  2  3  4 |
---------------+-------------+-----
Axes           | 4 5 |  5.6
Armour         | 1 2 |  2.5
Fighting       | 4 |  4.7
Dodging        | |  3.2
Stealth        | |  1.5

Action                   |  1- 3 |  4- 6 || total
-------------------------+-------+-------++-------
Melee: Hand axe          |    91 |    43 ||   134
       Punch             |     2 |       ||     2
       Headbutt          |    10 |    10 ||    20
  Use: Scroll            |     1 |     2 ||     3
Armor: Plate armour      |    95 |    17 ||   112
Dodge: Dodged            |    23 |     7 ||    30
